Unix NetHack Version 3.7.0-53 Work-in-progress - last build Apr 18 2022 03:42:42 (02b85442fffe0e2954e411e09df771b56fe27bbc,branch:master). Game began 2022-04-26 07:58:28, ended 2022-04-26 08:03:59. Arasaka, neutral female gnomish Healer ... .@.| .ff-- .... ... G h Arasaka the Rhizotomist St:7 Dx:10 Co:14 In:9 Wi:16 Ch:18 Neutral Dlvl:5 $:1681 HP:0(12) Pw:6(6) AC:7 Xp:1/17 T:1029 Latest messages: q - an uncursed scroll labeled ETAOIN SHRDLU. t - an uncursed scroll labeled FNORD. You descend the stairs. Behemoth bites the green mold. The green mold is killed! You see here a green mold corpse. You stop. Behemoth is in the way! Behemoth misses the newt. Behemoth misses it. Behemoth bites the newt. The newt is killed! There is a newt corpse here; eat it? [ynq] (n) This newt corpse tastes okay. You finish eating the newt corpse. You feel a mild buzz. You attack thin air. Behemoth drops a green mold corpse. u - a hooded cloak. What do you want to drop? [$a-lnp-u or ?*] You drop a hooded cloak. Behemoth drops a green mold corpse. What do you want to drop? [$a-lnp-t or ?*] Never mind. Behemoth picks up a dagger. Behemoth steps reluctantly over a hooded cloak. You swap places with Behemoth. You see here a hooded cloak. A bear trap closes on your foot! You are caught in a bear trap. Behemoth steps reluctantly over a hooded cloak. You are caught in a bear trap. You are caught in a bear trap. Behemoth drops a dagger. You are caught in a bear trap. You finally wriggle free. You swap places with Behemoth. Your leg feels better. You swap places with Behemoth. You see here a blue gem. v - a blue gem. You descend the stairs. The kitten bites! Behemoth bites the kitten. The kitten bites Behemoth. The kitten just misses! Behemoth bites the kitten. The kitten bites Behemoth. The kitten bites! The kitten bites! You die... Major events: Turn 1: Arasaka the neutral female gnomish Healer entered the dungeon 939: entered the Gnomish Mines 1029: killed by a kitten Inventory: Coins ('$') $ - 1681 gold pieces Weapons (')') n - an uncursed +0 orcish dagger a - an uncursed +0 scalpel Armor ('[') l - an uncursed +0 orcish helm (being worn) b - an uncursed +1 pair of leather gloves (being worn) Comestibles ('%') k - 5 uncursed apples Scrolls ('?') q - an uncursed scroll of confuse monster s - an uncursed scroll of enchant armor t - an uncursed scroll of identify r - an uncursed scroll of magic mapping Spellbooks ('+') i - a blessed spellbook of extra healing h - a blessed spellbook of healing j - a blessed spellbook of stone to flesh Potions ('!') f - 4 uncursed potions of extra healing d - a blessed potion of healing e - 3 uncursed potions of healing Wands ('/') g - an uncursed wand of sleep (0:5) Tools ('(') c - an uncursed stethoscope Gems/Stones ('*') v - an uncursed sapphire p - an uncursed worthless piece of green glass Arasaka the Healer's attributes: Background: You were a Rhizotomist, a level 1 female gnomish Healer. You were neutral, on a mission for Hermes who was opposed by Athena (lawful) and Poseidon (chaotic). You were in the Gnomish Mines, on level 5. You entered the dungeon 1029 turns ago. You had 17 experience points, 3 more were needed to attain level 2. Basics: You had 0 out of 12 hit points. You had all 6 energy points (spell power). Your armor class was 7. Your wallet contained 1681 zorkmids. Autopickup was on for '$"?' plus thrown, with exceptions. Final Characteristics: Your strength was 7 (limit:18/50). Your dexterity was 10 (limit:18). Your constitution was 14 (limit:18). Your intelligence was 9 (limit:19). Your wisdom was 16 (limit:18). Your charisma was 18 (limit:18). Final Status: You were not hungry. You were unencumbered. You were empty handed. You were unskilled in bare handed combat. Final Attributes: You were fervently aligned. You were poison resistant. You had infravision. You are dead. Miscellaneous: You disabled loading of bones levels. Total elapsed playing time was 5 minutes and 30 seconds. Vanquished creatures: a hobbit a green mold 6 jackals a fox a kobold 2 goblins 2 sewer rats 2 lichens 2 kobold zombies 5 newts 23 creatures vanquished. No species were genocided or became extinct. Voluntary challenges: You read items or engraved 1 time. You never engraved Elbereth. You never genocided any monsters. You never polymorphed an object. You never changed form. You used no wishes. Achievement: You entered the Gnomish Mines. The Dungeons of Doom: levels 1 to 3 Level 1: An altar to Hermes. Level 2: Some fountains. Level 3: An altar, a fountain. Stairs down to The Gnomish Mines. The Gnomish Mines: levels 4 to 5 Level 4: Level 5: <- You were here. Final resting place for you, killed by a kitten. Game over: ---------- / \ / REST \ / IN \ / PEACE \ / \ | Arasaka | | 1681 Au | | killed by a | | kitten | | | | | | 2022 | *| * * * | * _________)/\\_//(\/(/\)/\//\/|_)_______ Goodbye Arasaka the Healer... You died in The Gnomish Mines on dungeon level 5 with 325 points, and 1681 pieces of gold, after 1029 moves. You were level 1 with a maximum of 12 hit points when you died.